 Dungeon Crawl Stone Soup version 0.26.1-10-gdfb7c7de75 (webtiles) character file.

Game seed: 1282216625393479113

93 Revguard the Slasher (level 4, 34/34 HPs)
             Began as a Demonspawn Gladiator on Apr 5, 2021.
             Got out of the dungeon alive.
             The game lasted 00:06:07 (1973 turns).

Revguard the Slasher (Demonspawn Gladiator)         Turns: 1973, Time: 00:06:08

Health: 34/34      AC:  6    Str: 15    XL:     4   Next: 36%
Magic:  4/4        EV: 13    Int:  9    God:
Gold:   125        SH:  0    Dex: 15    Spells: 3/3 levels left

rFire    . . .     SeeInvis .   a - +0 long sword
rCold    . . .     Faith    .   (no shield)
rNeg     . . .     Spirit   .   b - +0 leather armour
rPois    .         Reflect  .   (helmet restricted)
rElec    .         Harm     .   (no cloak)
rCorr    .         Rampage  .   i - +0 pair of gloves
Will     .....                  (no boots)
Stlth    +.........             n - amulet of magic regeneration
HPRegen  0.11/turn              (no ring)
MPRegen  0.34/turn              (no ring)

@: no status effects
A: antennae 1, molten scales 1
a: no special abilities


You escaped.
You visited 1 branch of the dungeon, and saw 2 of its levels.

You collected 125 gold pieces.

Inventory:

Hand Weapons
 a - a +0 long sword (weapon)
Missiles
 d - 3 throwing nets (quivered)
Armour
 b - a +0 leather armour (worn)
 c - a +0 helmet
 i - a +0 pair of gloves (worn)
Jewellery
 n - an amulet of magic regeneration (around neck)
Wands
 p - a wand of digging (5)
Scrolls
 f - a scroll of enchant weapon {unknown}
 h - a scroll of fear
 j - a scroll of enchant armour {unknown}
 k - 2 scrolls of teleportation
 m - a scroll of identify
Potions
 e - a potion of curing
 g - a potion of lignification {unknown}
 l - 2 potions of brilliance
 o - a potion of flight {unknown}


   Skills:
 + Level 2.6 Fighting
 + Level 3.4 Long Blades
 + Level 2.0 Throwing
 * Level 1.6 Armour
 + Level 3.2 Dodging


You had 3 spell levels left.
You didn't know any spells.
Your spell library was empty.

Dungeon Overview and Level Annotations

Branches:
Dungeon (2/15)

Altars:


Innate Abilities, Weirdness & Mutations

You have a pair of small antennae on your head.
You are partially covered in molten scales. (AC +2)


Message History

HP restored.
Items here: )) ††.
Things that are here:
a worm corpse; a bat corpse
Found a stone staircase leading down.
(D) Dungeon
Where to? (Enter - D:2, ? - help)
There is a stone staircase leading up here.
You climb upwards.
There is a stone staircase leading down here.
(D) Dungeon
Where to? (Enter - D:1, ? - help)
Okay, then.
(D) Dungeon
Where to? (Enter - D:1, ? - help)
Okay, then.
There is a stone staircase leading down here.
There is a staircase leading out of the dungeon here.
Are you sure you want to leave the Dungeon?
This will make you lose the game!
You have escaped!

#..# #........#.# #.#
#..####.....)..#.####.#
#.......(......#......#
#.........###..#......#
#.........# #..###....#
#..#####..# #..##.###.####
#(.# #..###..#.## ##....
#..# #.......### ##.##
#..# #.@.....#.## ##.##
#..# #.......##.###.>#
#..# #...##..#...#...#
#..#####...##..###...#####
#..............#..........
#..!...........######.####
#..............# ###.....
################ ##.#.####
#.########.#..# ##.#..####


There were no monsters in sight!

Vanquished Creatures
  An adder (D:2)
  A gnoll (D:1)
  An ooze (D:1)
  A worm (D:2)
  A dart slug (D:2)
  4 leopard geckos
  5 giant cockroaches
  2 goblins
  15 hobgoblins
  2 jackals (D:2)
  7 kobolds
  3 ball pythons
  7 bats
  2 frilled lizards
  2 rats (D:1)
54 creatures vanquished.

Notes
Turn   | Place    | Note
-------+----------+-------------------------------------------
     0 | D:1      | Revguard the Demonspawn Gladiator began the quest for the
                  | Orb.
     0 | D:1      | Reached XP level 1. HP: 16/16 MP: 1/1
    30 | D:1      | Gained mutation: You are partially covered in molten
                  | scales. (AC +2) [demonic ancestry]
    30 | D:1      | Reached XP level 2. HP: 3/22 MP: 2/2
   721 | D:1      | Gained mutation: You have a pair of small antennae on your
                  | head. [demonic ancestry]
   721 | D:1      | Reached XP level 3. HP: 28/28 MP: 3/3
   900 | D:1      | Reached skill level 1 in Armour
  1528 | D:2      | Reached XP level 4. HP: 34/34 MP: 4/4
  1973 | D:$      | Got out of the dungeon alive.

Illustrated notes

Levels and vault maps discovered:
D:1:      dpeg_arrival_boxorama, layout_loops_ring, minmay_shallow_snake_nest
D:2:      layout_rooms

Skill      XL: |  1  2  3 |
---------------+----------+-----
Long Blades    | 3 |  3.4
Dodging        | 3 |  3.2
Throwing       | 2 |  2.0
Armour         | 1 |  1.6
Fighting       | |  2.6

Action                   |  1- 3 |  4- 6 || total
-------------------------+-------+-------++-------
Melee: Long sword        |    96 |    27 ||   123
  Use: Scroll            |     8 |       ||     8
Armor: Leather armour    |    44 |    15 ||    59
Dodge: Dodged            |   110 |    29 ||   139
       Rpst.: Long sword |    43 |    13 ||    56
